 Dungeon Crawl Stone Soup version 0.31-a0-180-g519b7de00c (webtiles) character file.

Game seed: 11362499997218420151

2256 qw the Skirmisher (level 9, 0/81 (82) HPs)
             Began as a Naga Hunter on June 20, 2023.
             Killed by divine providence
             ... invoked by an orc priest
              (10 damage)
             ... on level 8 of the Dungeon.
             The game lasted 00:02:27 (5801 turns).

qw the Skirmisher (Naga Hunter)                     Turns: 5801, Time: 00:02:28

HP:   0/81 (82)     AC:  9    Str: 14    XL:     9   Next: 37%
MP:   9/9           EV: 13    Int: 10    God:
Gold: 1401          SH:  0    Dex: 26    Spells: 8/8 levels left

rFire   . . .        Y - +1 shortbow
rCold   + . .        (shield currently unavailable)
rNeg    . . .        a - +1 robe of the Iron Devil {Rampage rC+ Dex+2 Stlth+}
rPois   +            (no helmet)
rElec   .            (no cloak)
rCorr   .            (no gloves)
SInv    +            (no barding)
Will    +....        (no amulet)
Stlth   +++          h - +4 ring of protection
HPRegen 0.33/turn    d - +6 ring of dexterity
MPRegen 0.11/turn

%: rampage
@: about to teleport, short of breath, lightly drained, very slow
A: AC +3, large, see invisible, deformed body, poison resistance, slowness 2,
spit poison 1, naga tail 1
a: Spit Poison


You were on level 8 of the Dungeon.
You visited 2 branches of the dungeon, and saw 9 of its levels.

You collected 1485 gold pieces.
You spent 84 gold pieces at shops.


Innate Abilities, Weirdness & Mutations

Your serpentine skin is tough. (AC +3)
You have supernaturally acute eyesight. (SInv)
Armour fits poorly on your strangely shaped body.
Your system is resistant to poisons. (rPois)
You cover ground very slowly.
You can spit poison.
You have a snake-like lower body.


   Skills:
 - Level 6.0 Fighting
 + Level 9.7 Ranged Weapons
 - Level 4.1 Dodging
 - Level 1.5 Stealth


You had 8 spell levels left.
You didn't know any spells.
Your spell library was empty.

Inventory:

Hand Weapons
 Y - a +1 shortbow (weapon)
Armour
 a - the +1 robe of the Iron Devil (worn) {Rampage rC+ Dex+2 Stlth+}
   (You found it on level 2 of the Dungeon)

   Dex:       It affects your dexterity (+2).
   rC:        It protects you from cold.
   Rampage:   It bestows one free step when moving towards enemies.
   Stlth:     It makes you more stealthy.
Jewellery
 d - a +6 ring of dexterity (right hand)
 h - a +4 ring of protection (left hand)
Scrolls
 b - a scroll of identify
 f - a scroll of enchant armour
 g - 3 scrolls of teleportation
Potions
 c - 2 potions of curing
 e - a potion of haste
 j - a potion of ambrosia {unknown}
 k - a potion of mutation
 m - a potion of degeneration {unknown}

Dungeon Overview and Level Annotations

Branches:
Dungeon (8/15)             Temple (1/1) D:5
   Lair: D:8-11

Altars:
Ashenzari
Elyvilon
Gozag
Hepliaklqana
Kikubaaqudgha
Makhleb
Nemelex Xobeh
Qazlal
Trog
Uskayaw
Wu Jian
Yredelemnul
Zin
The Shining One

Shops:
D:4 ?*

Annotations:
D:4 2 transporters, exclusions: 5 endoplasms and 5 jellies
D:8 Joseph


Message History

The orc priest is lightly wounded.
The orc priest hits you but does no damage.
The orc barely misses you.
You shoot an arrow. The arrow hits the orc priest.
The orc priest is moderately wounded.
You have got your breath back.
The orc priest mumbles some strange prayers to Beogh against you.
Pain shoots through your body! The orc priest barely misses you.
The orc barely misses you.
5797 ||| INVOKING Spit Poison.
Aiming: Spit Poison (1% risk of failure)
Press: ? - help, Shift-Dir - straight line, f/p - orc priest The splash of poison hits the orc priest!
You kill the orc priest!
The orc closely misses you.
The orc priest hits you with a +1 heavy flail!
You shoot an arrow. The arrow barely misses Joseph.
The orc closely misses you.
Joseph unwields a +0 sling.
Joseph wields a +0 quarterstaff.
Joseph hits you but does no damage.
You shoot an arrow. The arrow hits Joseph.
Joseph is lightly wounded.
The orc priest invokes the aid of Beogh against you.
Pain shoots through your body! The orc hits you but does no damage.
Joseph hits you with a +0 quarterstaff!
5800 ||| READING 4 scrolls of teleportation.
As you read the scroll of teleportation, it crumbles to dust.
You feel strangely unstable.
You have got your breath back.
The orc priest looks encouraged for a moment.
The orc barely misses you.
Joseph shouts, "I love to fight!
I love killing!"
Joseph zaps a wand.
The bolt of light misses you.
5801 ||| INVOKING Spit Poison.
Aiming: Spit Poison (1% risk of failure)
Press: ? - help, Shift-Dir - straight line, f/p - Joseph The splash of poison hits Joseph.
Joseph is poisoned.
Joseph is lightly wounded.
The orc priest invokes the aid of Beogh against you.
Beogh smites you!
You die...

#....<...#
#........#
.#....#...#
.####.#...# ..
#..#####..###
##.######!........#
..........#####.###
#....@o## #....#
##...#@o#####..###
#.. ##....##..# #.
####..#.## #
######..|.#
#.......>.#
#.........#
#.........#
#.........#
#......####


You could see Joseph (poisoned), an orc priest and an orc.

Vanquished Creatures
  A water moccasin (D:7)
  An ice beast (D:6)
  2 sky beasts (D:7)
  5 black bears
  6 ogres
  A centaur (D:6)
  3 kobold brigands (D:7)
  A howler monkey (D:3)
  5 hounds
  2 orc priests
  A gnoll bouda (D:7)
  A sleepcap (D:6)
  3 iguanas (D:6)
  2 orc wizards
  5 gnolls (D:7)
  6 adders
  A white imp (D:6)
  2 ufetubi
  4 worms
  3 dart slugs
  8 orcs
  6 endoplasms
  4 giant cockroaches
  8 goblins
  3 hobgoblins
  2 jackals (D:1)
  5 quokkas
  7 ball pythons
  10 bats
  3 frilled lizards
  16 kobolds
  4 rats
131 creatures vanquished.

Notes
Turn   | Place    | Note
-------+----------+-------------------------------------------
     0 | D:1      | qw the Naga Hunter began the quest for the Orb.
     0 | D:1      | Reached XP level 1. HP: 19/19 MP: 1/1
     0 | D:1      | 0 ||| qw: Version: 0.3-a-9-g12657ce
     0 | D:1      | 0 ||| qw: Game counter: 1154
     0 | D:1      | 0 ||| qw: Always use a shield: true
     0 | D:1      | 0 ||| qw: God list: Okawaru
     0 | D:1      | 0 ||| qw: Allow faded altars: false
     0 | D:1      | 0 ||| qw: Do Orc after D:15 true
     0 | D:1      | 0 ||| qw: Do second Lair branch before Depths: true
     0 | D:1      | 0 ||| qw: Lair rune preference: random
     0 | D:1      | 0 ||| qw: Plans: Normal
     0 | D:1      | 0 ||| PLANNING D:1-11
    89 | D:1      | 89 ||| INVOKING Spit Poison.
    92 | D:1      | 92 ||| INVOKING Spit Poison.
   133 | D:1      | 133 ||| INVOKING Spit Poison.
   188 | D:1      | 188 ||| INVOKING Spit Poison.
   192 | D:1      | 192 ||| INVOKING Spit Poison.
   196 | D:1      | 196 ||| INVOKING Spit Poison.
   200 | D:1      | 200 ||| INVOKING Spit Poison.
   257 | D:1      | 257 ||| INVOKING Spit Poison.
   262 | D:1      | 262 ||| INVOKING Spit Poison.
   293 | D:1      | 293 ||| INVOKING Spit Poison.
   295 | D:1      | Reached skill level 4 in Ranged Weapons
   295 | D:1      | Reached XP level 2. HP: 26/26 MP: 2/2
   321 | D:1      | 321 ||| INVOKING Spit Poison.
   324 | D:1      | 324 ||| INVOKING Spit Poison.
   566 | D:1      | 566 ||| INVOKING Spit Poison.
   569 | D:1      | 569 ||| INVOKING Spit Poison.
   584 | D:1      | 584 ||| INVOKING Spit Poison.
   606 | D:1      | 606 ||| INVOKING Spit Poison.
   611 | D:1      | 611 ||| INVOKING Spit Poison.
   860 | D:1      | 860 ||| UPGRADING to +4 ring of protection.
   861 | D:1      | 861 ||| READING scroll labelled OCUROV KUT UPH.
   864 | D:1      | 864 ||| READING scroll labelled HAIM TAENIG.
   865 | D:1      | 865 ||| DROPPING scroll of butterflies.
   925 | D:2      | Found a faded altar of an unknown god.
   929 | D:2      | Identified the +1 robe of the Iron Devil {Rampage rC+ Dex+2
                  | Stlth+}
   947 | D:2      | 947 ||| INVOKING Spit Poison.
   954 | D:2      | 954 ||| INVOKING Spit Poison.
   990 | D:2      | 990 ||| INVOKING Spit Poison.
   995 | D:2      | 995 ||| INVOKING Spit Poison.
  1000 | D:2      | Reached XP level 3. HP: 31/32 MP: 3/3
  1070 | D:2      | 1070 ||| Stepping ~*~*~tactically~*~*~ (outnumbered).
  1074 | D:2      | 1074 ||| INVOKING Spit Poison.
  1095 | D:2      | 1095 ||| INVOKING Spit Poison.
  1100 | D:2      | 1100 ||| INVOKING Spit Poison.
  1111 | D:2      | 1111 ||| INVOKING Spit Poison.
  1127 | D:2      | 1127 ||| INVOKING Spit Poison.
  1148 | D:2      | 1148 ||| INVOKING Spit Poison.
  1188 | D:2      | 1188 ||| INVOKING Spit Poison.
  1221 | D:2      | 1221 ||| INVOKING Spit Poison.
  1227 | D:2      | 1227 ||| INVOKING Spit Poison.
  1232 | D:2      | 1232 ||| INVOKING Spit Poison.
  1251 | D:2      | 1251 ||| INVOKING Spit Poison.
  1256 | D:2      | 1256 ||| INVOKING Spit Poison.
  1261 | D:2      | Reached skill level 5 in Ranged Weapons
  1261 | D:2      | Reached XP level 4. HP: 38/39 MP: 4/4
  1482 | D:2      | 1482 ||| INVOKING Spit Poison.
  1501 | D:2      | 1501 ||| INVOKING Spit Poison.
  1520 | D:2      | 1520 ||| INVOKING Spit Poison.
  1559 | D:2      | 1559 ||| INVOKING Spit Poison.
  1645 | D:2      | 1645 ||| UPGRADING to +1 robe of the Iron Devil {Rampage
                  | rC+ Dex+2 Stlth+}.
  1655 | D:2      | 1655 ||| DROPPING +0 leather armour.
  1656 | D:2      | 1656 ||| READING 2 scrolls labelled SAMEPR LIUDUKK.
  1657 | D:2      | 1657 ||| READING scroll labelled PEONTE ANUSTRUAD.
  1658 | D:2      | 1658 ||| READING scroll labelled MOECWISOSO.
  1659 | D:2      | 1659 ||| DRINKING 4 silvery potions.
  1660 | D:2      | 1660 ||| DROPPING 3 potions of attraction.
  1728 | D:3      | 1728 ||| INVOKING Spit Poison.
  1743 | D:3      | 1743 ||| INVOKING Spit Poison.
  1777 | D:3      | 1777 ||| INVOKING Spit Poison.
  1779 | D:3      | Reached skill level 3 in Fighting
  1814 | D:3      | Reached XP level 5. HP: 47/49 MP: 5/5
  1835 | D:3      | 1835 ||| INVOKING Spit Poison.
  1849 | D:3      | 1849 ||| INVOKING Spit Poison.
  1855 | D:3      | 1855 ||| INVOKING Spit Poison.
  1869 | D:3      | 1869 ||| INVOKING Spit Poison.
  1902 | D:3      | 1902 ||| INVOKING Spit Poison.
  1907 | D:3      | 1907 ||| INVOKING Spit Poison.
  1918 | D:3      | 1918 ||| INVOKING Spit Poison.
  1924 | D:3      | 1924 ||| INVOKING Spit Poison.
  2043 | D:3      | 2043 ||| INVOKING Spit Poison.
  2065 | D:3      | 2065 ||| INVOKING Spit Poison.
  2083 | D:3      | 2083 ||| INVOKING Spit Poison.
  2218 | D:3      | 2218 ||| READING 2 scrolls labelled VASMAOC WUZUQ.
  2219 | D:3      | 2219 ||| READING 2 scrolls of identify.
  2219 | D:3      | 2219 ||| IDENTIFYING green potion
  2220 | D:3      | 2220 ||| DROPPING scroll of blinking.
  2237 | D:4      | Noticed a wyvern
  2237 | D:4      | Noticed a black bear
  2237 | D:4      | Found a transporter.
  2237 | D:4      | Found a transporter.
  2238 | D:4      | 2238 ||| INVOKING Spit Poison.
  2239 | D:4      | Noticed a wyvern
  2245 | D:4      | 2245 ||| INVOKING Spit Poison.
  2245 | D:4      | Killed a black bear
  2249 | D:4      | 2249 ||| STAIRDANCE
  2252 | D:3      | 2252 ||| INVOKING Spit Poison.
  2254 | D:3      | Reached skill level 6 in Ranged Weapons
  2254 | D:3      | Reached XP level 6. HP: 42/56 MP: 6/6
  2317 | D:4      | Found a sparkling altar of Nemelex Xobeh.
  2353 | D:4      | 2353 ||| INVOKING Spit Poison.
  2359 | D:4      | 2359 ||| INVOKING Spit Poison.
  2419 | D:4      | Noticed a black bear
  2420 | D:4      | 2420 ||| INVOKING Spit Poison.
  2424 | D:4      | 2424 ||| INVOKING Spit Poison.
  2424 | D:4      | Killed a black bear
  2547 | D:4      | 2547 ||| INVOKING Spit Poison.
  2553 | D:4      | 2553 ||| INVOKING Spit Poison.
  2557 | D:4      | 2557 ||| INVOKING Spit Poison.
  2560 | D:4      | Reached XP level 7. HP: 48/66 MP: 7/7
  2627 | D:4      | Found Qiompix's General Store.
  2682 | D:4      | 2682 ||| INVOKING Spit Poison.
  2757 | D:4      | 2757 ||| INVOKING Spit Poison.
  2783 | D:4      | 2783 ||| INVOKING Spit Poison.
  2823 | D:4      | 2823 ||| INVOKING Spit Poison.
  2879 | D:4      | Found Osihy's Magic Scroll Shoppe.
  2882 | D:4      | 2882 ||| SHOPLISTING scroll of acquirement (624 gold, have
                  | 209).
  2882 | D:4      | 2882 ||| BUYING scroll of identify (24 gold).
  2882 | D:4      | Bought a scroll of identify for 24 gold pieces
  2882 | D:4      | 2882 ||| BUYING scroll of identify (24 gold).
  2882 | D:4      | Bought a scroll of identify for 24 gold pieces
  2882 | D:4      | 2882 ||| BUYING scroll of teleportation (36 gold).
  2882 | D:4      | Bought a scroll of teleportation for 36 gold pieces
  2939 | D:4      | 2939 ||| INVOKING Spit Poison.
  2948 | D:4      | 2948 ||| INVOKING Spit Poison.
  2952 | D:4      | 2952 ||| INVOKING Spit Poison.
  2964 | D:4      | Found a burning altar of Makhleb.
  2980 | D:4      | Found a hide-covered altar of Uskayaw.
  3132 | D:4      | 3132 ||| READING 3 scrolls of identify.
  3132 | D:4      | 3132 ||| IDENTIFYING viscous yellow potion
  3193 | D:4      | 3193 ||| READING 2 scrolls of identify.
  3193 | D:4      | 3193 ||| IDENTIFYING dark potion
  3194 | D:4      | 3194 ||| DROPPING potion of lignification.
  3250 | D:5      | Entered Level 5 of the Dungeon
  3266 | D:5      | 3266 ||| INVOKING Spit Poison.
  3272 | D:5      | 3272 ||| INVOKING Spit Poison.
  3424 | D:5      | 3424 ||| INVOKING Spit Poison.
  3435 | D:5      | 3435 ||| INVOKING Spit Poison.
  3440 | D:5      | 3440 ||| INVOKING Spit Poison.
  3444 | D:5      | 3444 ||| INVOKING Spit Poison.
  3473 | D:5      | 3473 ||| INVOKING Spit Poison.
  3476 | D:5      | 3476 ||| INVOKING Spit Poison.
  3477 | D:5      | Reached skill level 7 in Ranged Weapons
  3531 | D:5      | 3531 ||| INVOKING Spit Poison.
  3555 | D:5      | Found a staircase to the Ecumenical Temple.
  3556 | D:5      | 3556 ||| PLANNING TEMPLE
  3556 | D:5      | 3556 ||| UPGRADING to +6 ring of dexterity.
  3565 | Temple   | Entered the Ecumenical Temple
  3761 | Temple   | 3761 ||| PLANNING D:1-11
  3923 | D:5      | 3923 ||| INVOKING Spit Poison.
  4092 | D:5      | 4092 ||| READING scroll labelled GENECZ PIFOKYS.
  4092 | D:5      | Identified a scroll of acquirement
  4092 | D:5      | 4092 ||| ACQUIRING 1007 gold pieces
  4092 | D:5      | Acquired 1007 gold pieces
  4094 | D:5      | 4094 ||| READING scroll labelled CUTYUT LOEC.
  4132 | D:6      | 4132 ||| INVOKING Spit Poison.
  4135 | D:6      | 4135 ||| INVOKING Spit Poison.
  4187 | D:6      | 4187 ||| INVOKING Spit Poison.
  4201 | D:6      | 4201 ||| INVOKING Spit Poison.
  4237 | D:6      | Reached skill level 3 in Dodging
  4250 | D:6      | 4250 ||| INVOKING Spit Poison.
  4261 | D:6      | 4261 ||| INVOKING Spit Poison.
  4281 | D:6      | Reached XP level 8. HP: 59/73 MP: 8/8
  4333 | D:6      | 4333 ||| INVOKING Spit Poison.
  4355 | D:6      | 4355 ||| INVOKING Spit Poison.
  4358 | D:6      | 4358 ||| INVOKING Spit Poison.
  4483 | D:6      | Reached skill level 8 in Ranged Weapons
  4618 | D:6      | 4618 ||| INVOKING Spit Poison.
  4706 | D:6      | 4706 ||| INVOKING Spit Poison.
  4712 | D:6      | 4712 ||| INVOKING Spit Poison.
  4773 | D:6      | 4773 ||| INVOKING Spit Poison.
  4776 | D:6      | 4776 ||| INVOKING Spit Poison.
  4877 | D:6      | 4877 ||| INVOKING Spit Poison.
  4890 | D:6      | 4890 ||| INVOKING Spit Poison.
  4897 | D:6      | Found an opulent altar of Gozag.
  4979 | D:6      | 4979 ||| READING scroll labelled ZEUCEN UKIRUI.
  4980 | D:6      | 4980 ||| READING scroll labelled VULYIT POMA.
  4981 | D:6      | 4981 ||| READING 3 scrolls of identify.
  4981 | D:6      | 4981 ||| IDENTIFYING bubbling brown potion
  4982 | D:6      | 4982 ||| READING 2 scrolls of identify.
  4982 | D:6      | 4982 ||| IDENTIFYING black potion
  4983 | D:6      | 4983 ||| DROPPING potion of berserk rage.
  5001 | D:7      | Reached skill level 9 in Ranged Weapons
  5021 | D:7      | 5021 ||| INVOKING Spit Poison.
  5022 | D:7      | 5022 ||| Stepping ~*~*~tactically~*~*~ (outnumbered).
  5030 | D:7      | 5030 ||| INVOKING Spit Poison.
  5036 | D:7      | 5036 ||| INVOKING Spit Poison.
  5043 | D:7      | 5043 ||| INVOKING Spit Poison.
  5047 | D:7      | Reached skill level 6 in Fighting
  5047 | D:7      | Reached XP level 9. HP: 75/82 MP: 9/9
  5094 | D:7      | 5094 ||| INVOKING Spit Poison.
  5097 | D:7      | 5097 ||| INVOKING Spit Poison.
  5163 | D:7      | 5163 ||| INVOKING Spit Poison.
  5299 | D:7      | 5299 ||| Stepping ~*~*~tactically~*~*~ (outnumbered).
  5301 | D:7      | 5301 ||| Stepping ~*~*~tactically~*~*~ (outnumbered).
  5302 | D:7      | 5302 ||| Stepping ~*~*~tactically~*~*~ (outnumbered).
  5303 | D:7      | 5303 ||| INVOKING Spit Poison.
  5311 | D:7      | 5311 ||| INVOKING Spit Poison.
  5318 | D:7      | 5318 ||| INVOKING Spit Poison.
  5386 | D:7      | 5386 ||| INVOKING Spit Poison.
  5390 | D:7      | 5390 ||| INVOKING Spit Poison.
  5393 | D:7      | 5393 ||| INVOKING Spit Poison.
  5398 | D:7      | 5398 ||| INVOKING Spit Poison.
  5403 | D:7      | 5403 ||| INVOKING Spit Poison.
  5410 | D:7      | 5410 ||| INVOKING Spit Poison.
  5442 | D:7      | 5442 ||| INVOKING Spit Poison.
  5448 | D:7      | 5448 ||| INVOKING Spit Poison.
  5524 | D:7      | 5524 ||| INVOKING Spit Poison.
  5658 | D:7      | 5658 ||| INVOKING Spit Poison.
  5706 | D:7      | 5706 ||| READING scroll labelled DAOTAC GARCHINA.
  5782 | D:8      | 5782 ||| Stepping ~*~*~tactically~*~*~ (outnumbered).
  5784 | D:8      | 5784 ||| Stepping ~*~*~tactically~*~*~ (outnumbered).
  5786 | D:8      | 5786 ||| INVOKING Spit Poison.
  5791 | D:8      | 5791 ||| Stepping ~*~*~tactically~*~*~ (outnumbered).
  5791 | D:8      | Noticed Joseph
  5792 | D:8      | 5792 ||| INVOKING Spit Poison.
  5797 | D:8      | 5797 ||| INVOKING Spit Poison.
  5799 | D:8      | HP: 18/81 [orc priest/nerve-wracking pain (14)]
  5800 | D:8      | 5800 ||| READING 4 scrolls of teleportation.
  5801 | D:8      | 5801 ||| INVOKING Spit Poison.
  5801 | D:8      | Killed from afar by an orc priest

Levels and vault maps discovered:
D:1:      dpeg_arrival_fog, layout_basic, serial_forest,
          infiniplex_forest_lined_3, infiniplex_forest_straight_2,
          infiniplex_forest_clump_C, infiniplex_forest_end_double,
          infiniplex_forest_zigzag_2, infiniplex_forest_straight_2,
          infiniplex_forest_zigzag_1, infiniplex_forest_join,
          serial_bayou_pond_e
D:2:      layout_loops_ring, shapermc_ecumenical_altar_pompeii,
          amethyst_killhole, nicolae_half_adder
D:3:      layout_basic
D:4:      layout_loops_ring, gammafunk_temple_overflow_arena,
          mainiacjoe_overflow_swirl, serial_shops, nicolae_inconvenience_store,
          nicolae_shop_rolled_up
D:5:      layout_loops_ring, minmay_temple_entry_drinking_statues
D:6:      layout_gridville, grunt_gozag_breadcrumbs
D:7:      layout_cave_pools
D:8:      layout_basic, gammafunk_ghost_spectres, uniq_joseph
Temple:   dpeg_chambers_temple

Skill      XL: |  1  2  3  4  5  6  7  8  9 |
---------------+----------------------------+-----
Ranged Weapons | 4 5 6 7 9 |  9.7
Fighting       | 3 4 6 |  6.0
Dodging        | 2 3 4 |  4.1
Stealth        | |  1.5

Action                     |  1- 3 |  4- 6 |  7- 9 || total
---------------------------+-------+-------+-------++-------
   Fire: Shortbow          |    86 |    61 |   233 ||   380
Ability: Spit Poison       |    33 |    28 |    57 ||   118
    Use: Scroll            |     2 |     5 |    10 ||    17
         Potion            |       |     1 |       ||     1
 Armour: Leather armour    |    20 |     2 |       ||    22
         Robe              |       |     9 |    60 ||    69
  Dodge: Dodged            |    19 |    22 |   103 ||   144

Table legend:
 A = Non-vault XP
 B = Vault XP
 C = Vault XP percentage of total XP
 D = Non-vault monster count
 E = Vault monster count
 F = Vault count percentage of total count
                 A         B        C        D         E       F
            +---------+---------+-------+---------+---------+-------
      Total |    3197 |      26 |   0.8 |     129 |       2 |   1.5
            +---------+---------+-------+---------+---------+-------
        D:1 |      23 |       0 |   0.0 |      15 |       0 |   0.0
        D:2 |      52 |      26 |  33.3 |      19 |       2 |   9.5
        D:3 |      97 |       0 |   0.0 |      21 |       0 |   0.0
        D:4 |     508 |       0 |   0.0 |      16 |       0 |   0.0
        D:5 |     340 |       0 |   0.0 |       6 |       0 |   0.0
        D:6 |     932 |       0 |   0.0 |      17 |       0 |   0.0
        D:7 |    1166 |       0 |   0.0 |      32 |       0 |   0.0
        D:8 |      79 |       0 |   0.0 |       3 |       0 |   0.0
            +---------+---------+-------+---------+---------+-------
